 Dungeon Crawl Stone Soup version 0.29.0-10-g45618ea6d2 (webtiles) character file.

Game seed: 18185842153584131084

3445 Iusername the Carver (level 9, -2/79 HPs)
             Began as a Minotaur Fighter on Sept 1, 2022.
             Was a Follower of Dithmenos.
             Slain by a komodo dragon (4 damage)
             ... while petrified by a basilisk
             ... on level 8 of the Dungeon.
             The game lasted 00:23:45 (11569 turns).

Iusername the Carver (Minotaur Fighter)            Turns: 11569, Time: 00:23:45

Health: -2/79      AC: 13    Str: 23    XL:     9   Next: 77%
Magic:  8/8        EV:  2    Int:  8    God:    Dithmenos [*.....]
Gold:   447        SH:  0    Dex:  9    Spells: 8/8 levels left

rFire   . . .      SeeInvis .   v - +5 long sword
rCold   + . .      Faith    .   c - +0 buckler
rNeg    + + +      Spirit   .   C - +0 plate armour
rPois   ∞          Reflect  +   (helmet restricted)
rElec   .          Harm     +   (no cloak)
rCorr   .          Rampage  .   o - +1 pair of gloves
Will    .....      Rage     9%  m - +1 pair of boots of the Bells {Harm rC+ Int+3}
Stlth   ..........              i - amulet "Cimufulo" {Reflect +Blink rPois rN+ Dex-3 SH+5}
HPRegen 0.23/turn               (no ring)
MPRegen 0.11/turn               (no ring)

@: petrified, wreathed by umbra, invisible
A: horns 2, retaliatory headbutt, beak, berserk 2, deformed body
a: Renounce Religion, Evoke Blink


You were on level 8 of the Dungeon.
You worshipped Dithmenos.
Dithmenos was aware of your devotion.
You visited 2 branches of the dungeon, and saw 9 of its levels.

You collected 447 gold pieces.

Inventory:

Hand Weapons
 v - a +5 long sword (weapon)
Armour
 c - a +0 buckler (worn)
 m - the +1 pair of boots of the Bells (worn) {Harm rC+ Int+3}
   (You acquired it on level 7 of the Dungeon)

   Int:       It affects your intelligence (+3).
   rC:        It protects you from cold.
   Harm:      It increases damage dealt and taken.
 o - a +1 pair of gloves (worn)
 C - a +0 plate armour (worn)
Jewellery
 i - the amulet "Cimufulo" (around neck) {Reflect +Blink rPois rN+ Dex-3 SH+5}
   (You acquired it on level 4 of the Dungeon)

   [amulet of reflection]

   It reflects blocked missile attacks.
   Dex:       It affects your dexterity (-3).
   rPois:     It protects you from poison.
   rN:        It protects you from negative energy.
   +Blink:    It lets you blink.
   SH:        It affects your SH (+5).
 n - a ring of resist corrosion
 r - an amulet of magic regeneration
Wands
 g - a wand of mindburst (15)
 x - a wand of digging (6)
Scrolls
 a - a scroll of enchant weapon {unknown}
 b - a scroll of poison
 e - a scroll of summoning
 f - 2 scrolls of amnesia
 l - 5 scrolls of teleportation
 q - a scroll of enchant armour
 s - 3 scrolls of fog
 t - 3 scrolls of blinking
 u - a scroll of noise
 y - a scroll of fear
 D - a scroll of brand weapon {unknown}
Potions
 h - 2 potions of brilliance
 j - a potion of lignification
 k - 2 potions of mutation
 p - a potion of berserk rage {unknown}
 w - 2 potions of curing {unknown}
 z - 2 potions of degeneration {unknown}
 A - a potion of attraction {unknown}


   Skills:
 + Level 7.1 Fighting
 + Level 9.3 Long Blades
 + Level 9.1 Armour
 + Level 4.0 Dodging
 + Level 1.4 Stealth
 + Level 8.8 Shields
 + Level 0.6 Evocations


You had 8 spell levels left.
You didn't know any spells.
Your spell library contained the following spells:

 Spells                   Type           Power      Damage    Failure   Level
 Freeze                   Ice            0%         1d3       100%        1
 Necrotise                Necr           0%         1d4       100%        1
 Frozen Ramparts          Ice            0%         1d1       100%        3
 Tukima's Dance           Hex            0%         N/A       100%        3
 Vampiric Draining        Necr           0%         2d6       100%        3
 Hailstorm                Conj/Ice       0%         3d3       100%        4
 Ice Form                 Ice/Tmut       0%         N/A       100%        4
 Passage of Golubria      Tloc           0%         N/A       100%        4
 Summon Ice Beast         Ice/Summ       0%         N/A       100%        4
 Agony                    Necr           0%         N/A       100%        5
 Yara's Violent Unravell  Hex/Tmut       0%         3d3       100%        5


Dungeon Overview and Level Annotations

Branches:
Dungeon (8/15)             Temple (1/1) D:6
   Lair: D:8-11

Altars:
Ashenzari
Cheibriados
Dithmenos
Elyvilon
Fedhas
Gozag
Hepliaklqana
Kikubaaqudgha
Makhleb
Nemelex Xobeh
Okawaru
Qazlal
Ru
Sif Muna
Trog
Uskayaw
Vehumet
Wu Jian
Xom
Yredelemnul
Zin
The Shining One

Shops:
D:4 *   D:7 *

Annotations:
D:3 3 runed translucent doors, SnakkuSnakku7's ghost, amateur DjCK
D:5 1 exclusion


Innate Abilities, Weirdness & Mutations

You have a pair of horns on your head.
You reflexively headbutt those who attack you in melee.
You have a beak for a mouth.
You have an uncontrollable temper.
Armour fits poorly on your strangely shaped body.


Message History

You block the wyvern's attack. The wyvern bites you!
* * * LOW HITPOINT WARNING * * *
You hit the wyvern but do no damage.
The wyvern is almost dead.
You block the wyvern's attack.
You hit the wyvern.
You kill the wyvern!
Dithmenos accepts your kill.
A basilisk comes into view.
The basilisk moves out of view.
The basilisk hisses angrily.
You see here a wyvern corpse.
The basilisk gazes at you. You resist with some effort.
You blink.
A komodo dragon comes into view.
The basilisk attacks as you move away! The basilisk bites you!
* * * LOW HITPOINT WARNING * * *
The komodo dragon hisses angrily.
The basilisk gazes at you.
You are slowing down.
You fade into invisibility!
The basilisk gazes at you. You resist with some effort.
Your limbs are stiffening.
You feel much better.
You feel stable enough to blink again. The basilisk gazes at you.
Your limbs have turned to stone.
You have turned to stone.
The komodo dragon bites you!!
* * * LOW HITPOINT WARNING * * *
The basilisk bites you. The komodo dragon bites you!
* * * LOW HITPOINT WARNING * * *
The basilisk bites you.
* * * LOW HITPOINT WARNING * * *
The komodo dragon bites you!
* * * LOW HITPOINT WARNING * * *
The basilisk gazes at you. The komodo dragon bites you!
You die...

## ### ####. .#..#
#######...#
...#.######
#.##...###.
........#.#
####..#### ##
#.....l..###....##
#.l@.†.....##
####.####### #######
######### #...#
#........
#...###........
#....#.........
#####..............
##...........#.##...
###
#.....##......##....


You could see a komodo dragon (unable to see you) and a basilisk (unable to see
you).

Vanquished Creatures
  Pikel (D:5)
  A wyvern (D:8)
  A steam dragon (D:8)
  2 water moccasins (D:7)
  A black bear (D:6)
  An ogre (D:4)
  An ice beast (D:7)
  2 centaurs
  A kobold brigand (D:8)
  3 scorpions
  2 necrophages
  6 wights (D:6)
  20 killer bees
  3 howler monkeys (D:8)
  4 hounds
  4 iguanas
  Ijyb (D:5)
  8 adders
  A white imp (D:5)
  2 ufetubi (D:5)
  2 worms
  5 dart slugs
  11 orcs
  6 endoplasms
  2 giant cockroaches (D:3)
  8 goblins
  3 hobgoblins
  4 jackals (D:4)
  4 quokkas
  6 ball pythons
  6 bats
  2 frilled lizards
  9 kobolds
  6 rats
139 creatures vanquished.

Vanquished Creatures (others)
  A kobold (D:8)
1 creature vanquished.

Grand Total: 140 creatures vanquished

Notes
Turn   | Place    | Note
-------+----------+-------------------------------------------
     0 | D:1      | Iusername the Minotaur Fighter began the quest for the Orb.
     0 | D:1      | Reached XP level 1. HP: 19/19 MP: 0/0
   399 | D:1      | Reached XP level 2. HP: 20/27 MP: 1/1
  1367 | D:2      | Reached XP level 3. HP: 31/33 MP: 2/2
  1719 | D:2      | Found a hide-covered altar of Uskayaw.
  2320 | D:3      | Found a runed translucent gate.
  2367 | D:3      | Found a faded altar of an unknown god.
  2401 | D:3      | Found a basalt altar of Yredelemnul.
  2438 | D:3      | Reached XP level 4. HP: 39/40 MP: 3/3
  2740 | D:3      | Found a runed translucent gate.
  2740 | D:3      | Noticed SnakkuSnakku7's ghost (amateur DjCK)
  2741 | D:3      | Found a runed translucent gate.
  3002 | D:4      | Identified a scroll of acquirement
  3003 | D:4      | Acquired the amulet "Cimufulo" {Reflect +Blink rPois rN+
                  | Dex-3 SH+5}
  3155 | D:4      | Noticed an ogre
  3162 | D:4      | Killed an ogre
  3163 | D:4      | Reached skill level 1 in Dodging
  3163 | D:4      | Reached XP level 5. HP: 47/47 MP: 4/4
  3206 | D:4      | Found Ustaefou's General Store.
  3696 | D:4      | Found a hide-covered altar of Uskayaw.
  3719 | D:4      | Identified the +4 leather armour of Kindness {Rampage rPois
                  | Str-3 Dex-2}
  3751 | D:4      | Reached XP level 6. HP: 52/53 MP: 5/5
  3793 | D:5      | Entered Level 5 of the Dungeon
  3868 | D:5      | Noticed Ijyb
  3876 | D:5      | Reached skill level 5 in Armour
  3882 | D:5      | Reached skill level 5 in Long Blades
  3882 | D:5      | Reached skill level 5 in Shields
  3890 | D:5      | Killed Ijyb
  3898 | D:5      | Reached XP level 7. HP: 14/60 MP: 6/6
  4512 | D:5      | Noticed Pikel
  4530 | D:5      | HP: 2/60 [Pikel/+2 whip of electrocution (8)]
  4531 | D:5      | Killed Pikel
  4532 | D:5      | Reached skill level 5 in Fighting
  4532 | D:5      | Reached XP level 8. HP: 2/68 MP: 7/7
  4532 | D:5      | Gained mutation: You sometimes lose your temper in combat.
                  | [potion of mutation]
  4532 | D:5      | Gained mutation: Armour fits poorly on your strangely
                  | shaped body. [potion of mutation]
  4532 | D:5      | Gained mutation: You have an uncontrollable temper. [potion
                  | of mutation]
  4532 | D:5      | Gained mutation: You have a beak for a mouth. [potion of
                  | mutation]
  5437 | D:5      | Found an opulent altar of Gozag.
  5486 | D:5      | Found a shadowy altar of Dithmenos.
  5511 | D:5      | Became a worshipper of Dithmenos the Shadowed
  6089 | D:6      | Found an ornate altar of the Wu Jian Council.
  6406 | D:6      | Found a broken altar of Ashenzari.
  6508 | D:6      | Reached skill level 1 in Stealth
  6563 | D:6      | Found a burning altar of Makhleb.
  6957 | D:6      | Found a staircase to the Ecumenical Temple.
  6964 | Temple   | Entered the Ecumenical Temple
  7767 | D:7      | Reached XP level 9. HP: 69/75 MP: 8/8
  8336 | D:7      | Acquired the +1 pair of boots of the Bells {Harm rC+ Int+3}
  8991 | D:7      | Found Semuynot's Serpentskin Sales.
 11017 | D:8      | Found a radiant altar of Vehumet.
 11111 | D:8      | Reached * piety under Dithmenos
 11562 | D:8      | Noticed a komodo dragon
 11568 | D:8      | HP: 1/79 [komodo dragon (6)]
 11569 | D:8      | Slain by a komodo dragon

Illustrated notes

Levels and vault maps discovered:
D:1:      minmay_arrival_wavy_path, layout_loops_corners
D:2:      minmay_door_path, layout_loops_ring, basic_altar
D:3:      layout_basic, mainiacjoe_overflow_24_doors, basic_ecumenical_altar,
          biasface_ghost_orc_armoury
D:4:      layout_loops_ring, lemuel_crystal_altar, serial_shops, shop
D:5:      layout_cave_pods, general_overflow_altar,
          mainiacjoe_overflow_concentric_impassable, hangedman_decor_opposing,
          uniq_pikel, uniq_ijyb
D:6:      layout_loops_ring, nicolae_ashenzari_panopticon,
          mainiacjoe_overflow_catwalk, bloody_makhleb, minmay_temple_entry_fiery
D:7:      layout_layer_cave, guppyfry_shop_venom
D:8:      layout_cave_pools, nicolae_vehumet_altar_sigil, erik_lair_dragon,
          uniq_maggie
Temple:   nicolae_temple_ecumenical_triangle

Skill      XL: |  1  2  3  4  5  6  7  8  9 |
---------------+----------------------------+-----
Shields        | 4 5 6 7 8 |  8.8
Fighting       | 4 5 6 7 |  7.1
Armour         | 4 5 6 7 9 |  9.1
Long Blades    | 3 4 5 6 8 9 |  9.3
Dodging        | 1 2 3 4 |  4.0
Stealth        | 1 |  1.4
Evocations     | |  0.6

Action                   |  1- 3 |  4- 6 |  7- 9 || total
-------------------------+-------+-------+-------++-------
Melee: Long sword        |    95 |    98 |   230 ||   423
       Headbutt          |    19 |    14 |    41 ||    74
       Peck              |       |       |    28 ||    28
 Abil: Evoke Blink       |       |       |     3 ||     3
  Use: Scroll            |       |     5 |    11 ||    16
       Potion            |       |     2 |     7 ||     9
Armor: Scale mail        |    43 |    41 |    33 ||   117
       Plate armour      |       |       |    41 ||    41
Dodge: Dodged            |    39 |    52 |    99 ||   190
Block: Buckler           |    26 |    85 |   133 ||   244
       Reflection        |       |     2 |     3 ||     5
